AoeStats
← albanplumed

African Clearing

504605662Analyzed
4v4 RM · 25d ago on Sep 5, 2026· 57m 46s· 8 players
Game mode
Random Map
Map size
Large (8 player)
Population
200
Speed
Normal
Resources
Standard
Victory
Conquest
Starting age
Dark Age
Ending age
Imperial Age
RankedLock teamsTeams togetherTeam positionsShared explorationLock speedFull tech treeHidden civsTurbo modeCheats
Victory
Defeat
🇦🇷 Khmer · Argentina
1424
+13
1417
+13
🇦🇷 Mongols · Argentina
1342
+17
🇦🇷 Spanish · Argentina
1342
+17
🇹🇷 Huns · Türkiye
1412
-17
🇹🇷 Berbers · Türkiye
1406
-17
🇹🇷 Vietnamese · Türkiye
1337
-14
🇹🇷 Mongols · Türkiye
1277
-12
OsmanAbi
7:52 Loom
13:37 Feudal Age
17:52 Castle Age
17:03 Double-Bit Axe
22:39 Pikeman
23:46 Scale Mail Armor
23:58 Horse Collar
26:11 Forging
27:22 Bow Saw
27:14 Heavy Plow
27:46 Town Watch
32:13 Wheelbarrow
32:19 Iron Casting
37:39 Husbandry
37:49 Bloodlines
41:36 Imperial Age
42:41 Cavalier
43:50 Scale Barding Armor
50:28 Coinage
ysk
3:54 Loom
4:29 Loom
16:29 Feudal Age
20:18 Castle Age
19:17 Double-Bit Axe
19:15 Horse Collar
25:01 Fletching
30:03 Heavy Plow
30:23 Bow Saw
41:22 Bodkin Arrow
41:30 Padded Archer Armor
41:43 Scale Barding Armor
41:49 Scale Barding Armor
41:45 Padded Archer Armor
41:40 Bodkin Arrow
43:43 Wheelbarrow
52:23 Imperial Age
50:41 Leather Archer Armor
50:35 Town Watch
51:06 Hand Cart
51:53 Ballistics
51:49 Masonry
52:28 Chain Barding Armor
52:19 Forging
52:04 Light Cavalry
52:45 Husbandry
53:49 Bloodlines
53:40 Husbandry
54:06 Hussar
Sem
5:16 Loom
13:37 Feudal Age
15:26 Double-Bit Axe
18:09 Castle Age
19:54 Scale Barding Armor
24:32 Bloodlines
28:29 Fletching
32:39 Husbandry
34:44 Wheelbarrow
35:15 Forging
38:54 Chain Barding Armor
40:47 Bow Saw
43:23 Bodkin Arrow
43:36 Padded Archer Armor
44:14 Iron Casting
46:40 Imperial Age
46:04 Horse Collar
47:07 Ballistics
47:11 Gold Mining
47:28 Bracer
47:29 Padded Archer Armor
47:44 Cavalier
49:27 Leather Archer Armor
50:31 Chemistry
50:13 Heavy Plow
51:27 Ring Archer Armor
52:39 Elite Camel Archer
albanplumed
5:09 Loom
16:19 Feudal Age
17:15 Horse Collar
21:41 Castle Age
21:59 Fletching
25:09 Padded Archer Armor
28:13 Bodkin Arrow
31:49 Leather Archer Armor
33:15 Stone Mining
34:02 Ballistics
37:55 Wheelbarrow
39:12 Hand Cart
38:56 Gold Mining
39:13 Town Watch
40:23 Town Patrol
44:28 Imperial Age
43:45 Scale Mail Armor
43:55 Forging
44:17 Pikeman
44:57 Squires
44:30 Elite Rattan Archer
45:33 Paper Money
45:41 Halberdier
46:46 Elite Skirmisher
47:31 Thumb Ring
47:44 Crossbowman
47:52 Imperial Skirmisher
49:47 Bracer
50:02 Chain Mail Armor
52:43 Plate Mail Armor
52:49 Iron Casting
55:58 Chemistry
55:32 Ring Archer Armor
55:08 Scale Barding Armor
55:20 Arson
Busco señora que cobre PUAM
9:33 Loom
13:03 Feudal Age
16:55 Castle Age
16:00 Double-Bit Axe
23:09 Scale Mail Armor
24:47 Fletching
25:07 Horse Collar
27:25 Wheelbarrow
26:36 Town Watch
32:05 Imperial Age
30:17 Padded Archer Armor
30:20 Bodkin Arrow
31:55 Leather Archer Armor
32:13 Ballistics
32:02 Gold Mining
31:59 Crossbowman
34:04 Chemistry
33:26 Bracer
34:48 Thumb Ring
34:21 Elite Skirmisher
35:59 Bow Saw
36:37 Arbalester
43:34 Conscription
45:39 Coinage
47:22 Ring Archer Armor
52:18 Torsion Engines
51:42 Onager
9toesGG
11:05 Loom
12:52 Feudal Age
16:59 Castle Age
21:53 Bloodlines
27:17 Double-Bit Axe
30:38 Scale Barding Armor
45:23 Imperial Age
44:54 Wheelbarrow
44:13 Gold Mining
44:39 Horse Collar
47:12 Heavy Scorpion
48:23 Scale Mail Armor
48:34 Pikeman
49:34 Halberdier
50:57 Chain Mail Armor
51:25 Forging
53:53 Chemistry
55:40 Ballistics
55:41 Bow Saw
Don Tani
8:28 Loom
13:39 Feudal Age
17:34 Castle Age
18:25 Double-Bit Axe
26:07 Padded Archer Armor
27:48 Leather Archer Armor
29:34 Wheelbarrow
28:47 Horse Collar
30:11 Husbandry
30:56 Bloodlines
31:57 Town Watch
36:06 Imperial Age
35:05 Scale Barding Armor
35:11 Forging
36:34 Chain Barding Armor
37:46 Hand Cart
37:34 Town Patrol
39:27 Plate Barding Armor
38:19 Cavalier
39:38 Plate Barding Armor
40:31 Conscription
43:08 Iron Casting
43:11 Gold Mining
43:12 Stone Mining
45:06 Paladin
48:14 Fletching
49:26 Blast Furnace
49:27 Bodkin Arrow
51:35 Coinage
51:18 Masonry
52:08 Chemistry
51:21 Masonry
51:32 Ballistics
51:14 Bracer
52:05 Ring Archer Armor
52:17 Hoardings
51:44 Murder Holes
51:23 Pikeman
52:04 Squires
51:50 Arson
52:07 Scale Mail Armor
52:44 Halberdier
55:03 Chain Mail Armor
Ricardo Arjona
4:25 Loom
9:25 Loom
12:53 Feudal Age
16:30 Castle Age
15:28 Double-Bit Axe
15:29 Horse Collar
16:16 Fletching
27:36 Bodkin Arrow
30:04 Bow Saw
30:49 Husbandry
31:32 Town Watch
37:13 Bloodlines
38:39 Ballistics
39:20 Wheelbarrow
40:55 Padded Archer Armor
41:00 Gold Mining
48:51 Imperial Age
47:04 Thumb Ring
47:12 Stone Mining
47:36 Masonry
49:09 Hand Cart
49:41 Bracer
50:42 Chemistry
50:10 Conscription
50:24 Elite Mangudai
52:01 Leather Archer Armor
52:55 Parthian Tactics
53:49 Light Cavalry
54:56 Scale Barding Armor
55:01 Forging
56:01 Chain Barding Armor
57:19 Iron Casting
56:31 Hussar
58:47 Hoardings
Connection lost

Rejoining the realm…

Still unreachable

The connection could not be restored.

Session expired

The server has moved on; the page needs a fresh start.